 Dungeon Crawl Stone Soup version 0.32-a0-909-gc671339a80 (webtiles) character file.

Game seed: 9235753575031895146

35 GiantSquids the Chopper (level 3, 31/31 HPs)
             Began as a Mountain Dwarf Fighter on Apr 6, 2024.
             Was a Follower of Beogh.
             Quit the game on level 1 of the Dungeon.
             The game lasted 00:01:22 (680 turns).

GiantSquids the Chopper (Mountain Dwarf Fighter)     Turns: 680, Time: 00:01:22

Health: 31/31      AC: 10    Str: 20    XL:     3   Next: 16%
Magic:  3/3        EV:  8    Int:  8    God:    Beogh [*.....]
Gold:   64         SH:  4    Dex:  9    Spells: 2/2 levels left

rFire   . . .        a - +0 war axe
rCold   . . .        c - +0 buckler
rNeg    . . .        b - +0 scale mail
rPois   .            (no helmet)
rElec   .            (no cloak)
rCorr   .            (no gloves)
SInv    .            i - +2 pair of boots
Will    .....        (no amulet) Stlth
                     (no ring)
HPRegen 0.25/turn    (no ring)
MPRegen 0.08/turn

%: no passive effects
@: no status effects
A: runic magic, artefact enchanting
a: Renounce Religion


You were on level 1 of the Dungeon.
You worshipped Beogh.
Beogh was aware of your devotion.
You visited 1 branch of the dungeon, and saw 1 of its levels.

You collected 64 gold pieces.

Inventory:

Hand Weapons
 a - a +0 war axe (weapon)
 f - a +2 short sword of protection
Missiles
 j - 7 stones (quivered)
Armour
 b - a +0 scale mail (worn)
 c - a +0 buckler (worn)
 i - a +2 pair of boots (worn)
Scrolls
 e - a scroll of fog {unknown}
 g - a scroll of poison {unknown}
Potions
 d - a potion of might
 h - a potion of berserk rage {unknown}


   Skills:
 - Level 3.2 Fighting
 + Level 4.4 Axes
 - Level 3.2 Armour
 - Level 3.2 Shields


You had 2 spell levels left.
You didn't know any spells.
Your spell library contained the following spells:

 Spells                   Type           Power      Damage    Failure   Level
 Apportation              Tloc           0%         N/A       56%         1
 Necrotise                Necr           0%         1d4       56%         1
 Sting                    Conj/Alch      0%         1d3       56%         1
 Summon Small Mammal      Summ           0%         N/A       56%         1
 Inner Flame              Hex/Fire       0%         N/A       91%         3
 Irradiate                Conj/Alch      0%         3d11      100%        5
 Ignition                 Fire           0%         3d3       100%        8


Dungeon Overview and Level Annotations

Branches:
Dungeon (1/15)

Altars:
Beogh


Innate Abilities, Weirdness & Mutations

Your spellcasting is much less encumbered by armour.
You can use scrolls of enchantment on lesser artefacts.


Message History

Found 11 gold pieces.
You see here 4 stones.
j - 4 stones No target in view!
A hobgoblin is nearby!
A hobgoblin is nearby!
The hobgoblin hits you.
You hit the hobgoblin.
You kill the hobgoblin!
No target in view!
j - 7 stones (gained 3)
You see here a hobgoblin corpse.
You now have 64 gold pieces (gained 11).
A goblin comes into view. It is wielding a +0 dagger.
The goblin shouts!
A goblin is nearby!
You hit the goblin.
The goblin is heavily wounded.
The goblin hits you but does no damage. x2
You closely miss the goblin.
The goblin is moderately wounded.
The goblin hits you but does no damage.
You barely miss the goblin.
The goblin is moderately wounded.
The goblin misses you.
You slash the goblin!
You kill the goblin!
No target in view!
Search for what [? for help]? altar You see here a +0 whip.
There is a shaft here.
There is a faded altar of an unknown god here.
This altar belongs to (a) Lugonu, (b) Beogh or (c) Makhleb, but you can't tell which.
Press the corresponding letter to learn more about a god, or press enter to convert or escape to cancel.
Okay, then.
This altar belongs to (a) Lugonu, (b) Beogh or (c) Makhleb, but you can't tell which.
Press the corresponding letter to learn more about a god, or press enter to convert or escape to cancel.
Beogh accepts your prayer! Beogh welcomes you!
Search for what [Enter for "altar", or ? for help]?
Okay, then.
Are you sure you want to abandon this character and quit the game? (Confirm with "yes".)

....................>#
...#.#.....######.##.########
...+.#.###.# #.#..........
...#.#.###.# #.#..#######.
.....#.....# ##.#..#
.....#..#### #..#..#


P.PPPPPP# #.##..# ....PPPP# #^##..# PPPP.PPP# #@#...# PPPPP.PP# #####.#
PPPPPP.P### #.# PPPPPP.P..# #.# PPPPPP.P#.# #.# PPPPPP.P# # #.# .PPPPP.P# #.#
P.PPP.PP# #.# P.PP.PPP# #.# There were no monsters in sight!

Vanquished Creatures
  A gnoll (D:1)
  2 ball pythons (D:1)
  2 bats (D:1)
  An endoplasm (D:1)
  A giant cockroach (D:1)
  2 goblins (D:1)
  5 hobgoblins (D:1)
  3 jackals (D:1)
  3 kobolds (D:1)
  A rat (D:1)
21 creatures vanquished.

Notes
Turn   | Place    | Note
-------+----------+-------------------------------------------
     0 | D:1      | GiantSquids the Mountain Dwarf Fighter began the quest for
                  | the Orb.
     0 | D:1      | Reached XP level 1. HP: 19/19 MP: 1/1
   101 | D:1      | Reached skill level 3 in Axes
   158 | D:1      | Reached XP level 2. HP: 26/26 MP: 2/2
   491 | D:1      | Found a faded altar of an unknown god.
   517 | D:1      | Reached skill level 4 in Axes
   517 | D:1      | Reached XP level 3. HP: 14/31 MP: 3/3
   679 | D:1      | Prayed at the altar of an unknown god.
   679 | D:1      | Became a worshipper of Beogh the Shepherd
   679 | D:1      | Reached * piety under Beogh
   680 | D:1      | Quit the game

Illustrated notes

Levels and vault maps discovered:
D:1:      roderic_crop_circles_arrival_large, layout_basic,
          hellmonk_ecumenical_altar_leap_of_faith,
          nicolae_concentric_dashed_squares_wild, minmay_misc_feat_room,
          minmay_3d_cube

Skill      XL: |  1  2 |
---------------+-------+-----
Axes           | 3 4 |  4.4
Fighting       | |  3.2
Armour         | |  3.2
Shields        | |  3.2

Action                     || total
---------------------------++-------
  Melee: War axe           ||    54
 Armour: Scale mail        ||    59
  Dodge: Dodged            ||    18
  Block: Buckler           ||    10

Table legend: (Time is in decaauts)
 A = Elapsed time spent in this place.
 B = Non-inter-level travel time spent in this place.
 C = Inter-level travel time spent in this place.
 D = Time resting spent in this place.
 E = Time spent auto-exploring this place.
 F = Levels seen in this place.
 G = Mean time per level.
                   A        B        C        D        E       F      G
               +--------+--------+--------+--------+--------+-----+--------+
         Total |    699 |    651 |     48 |      0 |    501 |   1 |  699.0 |
       Dungeon |    699 |    651 |     48 |      0 |    501 |   1 |  699.0 |
               +--------+--------+--------+--------+--------+-----+--------+

Top non-repeatable levels by time:
     D:1: 699 daAuts
